 Dungeon Crawl Stone Soup version 0.23.1-37-gaa34b87 (webtiles) character file.

Game seed: 14826417434494415662

61 Borgoz the Skirmisher (level 4, 0/40 HPs)
             Began as a Ghoul Monk on Mar 22, 2019.
             Slain by an orc priest
             ... wielding a +0 hand axe
              (3 damage)
             ... on level 3 of the Dungeon.
             The game lasted 00:02:29 (1096 turns).

Borgoz the Skirmisher (Ghoul Monk)                  Turns: 1096, Time: 00:02:30

Health: 0/40       AC: 10    Str: 14    XL:     4   Next: 7%
Magic:  3/3        EV:  4    Int:  6    God:
Gold:   84         SH:  0    Dex: 11    Spells: 3/3 levels left

rFire    . . .     SeeInvis .     - Unarmed
rCold    + . .     Gourm    .   (no shield)
rNeg     + + +     Faith    .   a - +0 plate armour
rPois    ∞         Spirit   .   (no helmet)
rElec    .         Reflect  .   (no cloak)
rCorr    .         Harm     .   (no gloves)
MR       +....                  (no boots)
Stlth    ..........             (no amulet)
HPRegen  0.00/turn              c - ring of protection from magic
MPRegen  0.08/turn              (no ring)

@: rotting
A: rotting body, claws 1, carnivore, cold resistance 1, negative energy
resistance 3, inhibited regeneration, torment resistance, unbreathing
a: no special abilities


You were on level 3 of the Dungeon.
You were not hungry.

You visited 1 branch of the dungeon, and saw 3 of its levels.

You collected 84 gold pieces.

Inventory:

Hand Weapons
 g - a +0 short sword
Armour
 a - a +0 plate armour (worn)
 n - a +0 ring mail
Jewellery
 c - a ring of protection from magic (left claw)
Scrolls
 e - 4 scrolls of identify {unknown}
 f - a scroll of enchant weapon {unknown}
 h - a scroll of fog {unknown}
 i - a scroll of amnesia {unknown}
 l - a scroll of teleportation {unknown}
 m - 2 scrolls of remove curse {unknown}
Comestibles
 b - 4 rations
 d - 2 chunks of flesh


   Skills:
 + Level 3.7 Fighting
 * Level 1.8 Short Blades
 + Level 1.2 Armour
 + Level 3.1 Dodging
 - Level 2.1 Stealth
 - Level 3.2 Unarmed Combat


You had 3 spell levels left.
You didn't know any spells.
Your spell library was empty.

Dungeon Overview and Level Annotations

Branches:
Dungeon (3/15)

Altars:

Annotations:
D:2 Natasha, Sigmund


Innate Abilities, Weirdness & Mutations

Your body is rotting away.
You thrive on raw meat.
You are immune to poison.
You have sharp fingernails.
You are carnivorous and can eat meat at any time.
Your flesh is cold resistant. (rC+)
You are immune to negative energy. (rN+++)
You do not regenerate when monsters are visible.
You are immune to unholy pain and torment.
You can survive without breathing.


Message History

Your Armour skill increases to level 1!
You have reached level 4!
You feel a bit more experienced.
You scratch the orc priest but do no damage.
The orc priest calls down the wrath of Beogh upon you.
Beogh smites you!
* * * LOW HITPOINT WARNING * * *
You scratch the orc priest but do no damage.
The orc priest hits you but does no damage.
Your plate armour prevents you from hitting the orc priest.
The orc priest hits you but does no damage.
Your plate armour prevents you from hitting the orc priest.
The orc priest hits you with a +0 hand axe.
* * * LOW HITPOINT WARNING * * *
You scratch the orc priest but do no damage.
The orc priest hits you but does no damage.
Your plate armour prevents you from hitting the orc priest.
You scratch the orc priest but do no damage.
The orc priest hits you with a +0 hand axe.
You die...

## ..
###.
#.. #o#
###@#
#..)#
#.###
#.# #.#
#.# #.#
#.#####
#.....#


You could see an orc priest.

Vanquished Creatures
  An orc wizard (D:3)
  An adder (D:2)
  A worm (D:2)
  3 orcs (D:3)
  2 hobgoblins (D:2)
  3 bats
  3 frilled lizards
  A goblin (D:1)
  4 kobolds
  5 rats (D:1)
24 creatures vanquished.

Notes
Turn   | Place    | Note
-------+----------+-------------------------------------------
     0 | D:1      | Borgoz the Ghoul Monk began the quest for the Orb.
     0 | D:1      | Reached XP level 1. HP: 19/19 MP: 0/0
   460 | D:1      | Reached XP level 2. HP: 26/26 MP: 1/1
   754 | D:2      | Reached skill level 1 in Short Blades
   820 | D:2      | Reached XP level 3. HP: 19/31 MP: 2/2
   938 | D:2      | Noticed Natasha
   941 | D:2      | Noticed Sigmund
  1089 | D:3      | Reached skill level 1 in Armour
  1089 | D:3      | Reached XP level 4. HP: 16/40 MP: 3/3
  1096 | D:3      | Slain by an orc priest

Skill      XL: |  1  2  3 |
---------------+----------+-----
Short Blades   | 1 |  1.8
Dodging        | 3 |  3.1
Armour         | 1 |  1.2
Fighting       | |  3.7
Stealth        | |  2.1
Unarmed Combat | |  3.2

Action                   |  1- 3 |  4- 6 || total
-------------------------+-------+-------++-------
Melee: Unarmed           |    94 |     7 ||   101
       Punch             |     2 |       ||     2
  Use: Potion            |     3 |       ||     3
 Stab: Sleeping          |     3 |       ||     3
  Eat: Chunk             |     4 |       ||     4
Armor: Robe              |     9 |       ||     9
       Ring mail         |    12 |       ||    12
       Plate armour      |     9 |     3 ||    12
Dodge: Dodged            |    51 |       ||    51
